 Dungeon Crawl Stone Soup version 0.28.0-49-g6dfe1f597d (webtiles) character file.

Game seed: 6655590183446481993

658 GigaChad the Covered (level 7, -2/60 HPs)
             Began as a Minotaur Fighter on May 11, 2022.
             Slain by a river rat (8 damage)
             ... summoned by Eustachio
             ... on level 6 of the Dungeon.
             The game lasted 00:10:27 (5856 turns).

GigaChad the Covered (Minotaur Fighter)             Turns: 5856, Time: 00:10:28

Health: -2/60      AC:  8    Str: 22    XL:     7   Next: 30%
Magic:  6/6        EV: 10    Int:  5    God:
Gold:   334        SH:  4    Dex: 10    Spells: 6/6 levels left

rFire   . . .      SeeInvis .   a - +0 long sword
rCold   . . .      Faith    .   c - +0 buckler
rNeg    . . .      Spirit   .   b - +0 scale mail
rPois   .          Reflect  .   (helmet restricted)
rElec   .          Harm     .   (no cloak)
rCorr   .          Rampage  .   (no gloves)
Will    .....                   (no boots)
Stlth   ..........              (no amulet)
HPRegen 0.20/turn               (no ring)
MPRegen 0.10/turn               (no ring)

@: no status effects
A: horns 2, retaliatory headbutt
a: no special abilities


You were on level 6 of the Dungeon.
You visited 1 branch of the dungeon, and saw 6 of its levels.

You collected 334 gold pieces.

Inventory:

Hand Weapons
 a - a +0 long sword (weapon)
Armour
 b - a +0 scale mail (worn)
 c - a +0 buckler (worn)
Jewellery
 e - a ring of resist corrosion
 r - an amulet of magic regeneration
Wands
 t - a wand of polymorph (8)
 w - a wand of paralysis (4)
Scrolls
 f - a scroll of holy word
 k - a scroll of immolation
 m - a scroll of fog
 p - 5 scrolls of identify
 q - a scroll of silence
 u - a scroll of enchant armour
 x - 2 scrolls of blinking {unknown}
 y - a scroll of vulnerability {unknown}
Potions
 d - a potion of might
 g - 2 potions of berserk rage {unknown}
 h - a potion of curing {unknown}
 i - 2 potions of lignification {unknown}
 j - a potion of brilliance {unknown}
 l - a potion of heal wounds {unknown}
 n - a potion of flight {unknown}
 o - a potion of cancellation {unknown}
 s - a potion of attraction {unknown}
Miscellaneous
 v - a piece from Xom's chessboard (15/15)


   Skills:
 + Level 4.8 Fighting
 + Level 5.4 Long Blades
 + Level 7.4 Armour
 + Level 1.9 Dodging
 + Level 1.0 Stealth
 + Level 4.3 Shields


You had 6 spell levels left.
You didn't know any spells.
Your spell library contained the following spells:

 Spells                   Type           Power      Damage    Failure   Level
 Animate Dead             Necr           0%         N/A       100%        4
 Haunt                    Necr/Summ      0%         N/A       100%        7
 Infestation              Necr           0%         N/A       100%        8


Dungeon Overview and Level Annotations

Branches:
Dungeon (6/15)
 Temple: D:4-7

Altars:
Gozag
Wu Jian
Zin

Shops:
D:4 *   D:6 =*

Annotations:
D:6 Eustachio


Innate Abilities, Weirdness & Mutations

You have a pair of horns on your head.
You reflexively headbutt those who attack you in melee.


Message History

You kill the sky beast!
The crimson imp hits you but does no damage.
Your Stealth skill increases to level 1!
The crimson imp disappears in a puff of smoke!
Eustachio closely misses you. Eustachio closely misses you.
You hit Eustachio but do no damage. Eustachio hits you with a +0 rapier!
* * * LOW HITPOINT WARNING * * *
You slash Eustachio!
Eustachio is moderately wounded.
Eustachio hits you with a +0 rapier.
* * * LOW HITPOINT WARNING * * *
You hit Eustachio. You headbutt Eustachio.
Eustachio is heavily wounded.
Eustachio hits you but does no damage. x2
You slash Eustachio!
Eustachio is almost dead.
Eustachio gestures wildly while chanting.
You closely miss Eustachio.
You headbutt Eustachio, but do no damage.
Eustachio is almost dead.
Eustachio mumbles some strange words.
Eustachio blinks!
The quokka bites you but does no damage.
Eustachio mumbles some strange words.
Eustachio blinks!
The rat barely misses you. You block the river rat's attack.
The quokka bites you but does no damage.
You see here a +0 leather armour.
The quokka misses you.
The quokka bites you but does no damage.
The quokka closely misses you. You furiously retaliate!
You headbutt the quokka.
The river rat twitches its whiskers.
You slash the rat!
You kill the rat!
The rat's corpse disappears in a puff of smoke!
The quokka barely misses you.
You hit the river rat but do no damage. The quokka completely misses you.
The river rat bites you!
You die...

.## ...# ##
.....# #.#
......## ..
.......##.#
..........
........#
......ยง@#
...##.rr#
##..[#
#..#..#
##.###..#
##.## #..#
##.####
#..#
#....>###
#..#
#.......#
#..#


You could see a river rat (summoned) and a quokka (summoned).

Vanquished Creatures
  A sky beast (D:6)
  A necrophage (D:5)
  A bullfrog (D:6)
  A scorpion (D:4)
  2 water moccasin skeletons
  2 hounds
  An orc priest (D:3)
  An iguana (D:6)
  A killer bee zombie (D:6)
  4 adders
  3 worms
  11 orcs (D:3)
  5 bats
  7 endoplasms
  5 giant cockroaches
  5 goblins
  6 hobgoblins
  2 jackals (D:1)
  A quokka (D:2)
  6 ball pythons
  4 frilled lizards
  6 kobolds
  3 rats
79 creatures vanquished.

Notes
Turn   | Place    | Note
-------+----------+-------------------------------------------
     0 | D:1      | GigaChad the Minotaur Fighter began the quest for the Orb.
     0 | D:1      | Reached XP level 1. HP: 19/19 MP: 0/0
   213 | D:1      | Reached XP level 2. HP: 24/27 MP: 1/1
   915 | D:1      | Reached skill level 4 in Armour
  1241 | D:2      | Reached XP level 3. HP: 29/33 MP: 2/2
  1811 | D:3      | Reached skill level 5 in Armour
  1811 | D:3      | Reached XP level 4. HP: 6/40 MP: 3/3
  2892 | D:4      | Found an ornate altar of the Wu Jian Council.
  2915 | D:4      | Noticed a scorpion
  2925 | D:4      | Killed a scorpion
  2926 | D:4      | Reached XP level 5. HP: 25/46 MP: 4/4
  3410 | D:4      | Found Gozag's Platinum Reserve.
  3414 | D:4      | Found an opulent altar of Gozag.
  3492 | D:4      | Found a glowing silver altar of Zin.
  4017 | D:5      | Entered Level 5 of the Dungeon
  4025 | D:5      | Reached skill level 1 in Dodging
  4320 | D:5      | Noticed a necrophage
  4333 | D:5      | Killed a necrophage
  4334 | D:5      | Reached skill level 6 in Armour
  4334 | D:5      | Reached XP level 6. HP: 8/53 MP: 5/5
  5187 | D:6      | Found Zucesh's Serpentskin Sales.
  5209 | D:6      | Found Unlommo's Jewellery Boutique.
  5288 | D:6      | Reached skill level 5 in Long Blades
  5288 | D:6      | Reached skill level 7 in Armour
  5288 | D:6      | Reached XP level 7. HP: 45/60 MP: 6/6
  5825 | D:6      | Noticed Eustachio
  5840 | D:6      | Reached skill level 1 in Stealth
  5856 | D:6      | Slain by a river rat

Illustrated notes

Levels and vault maps discovered:
D:1:      dpeg_arrival_circle_labyrinth_a, layout_rooms, minmay_statues_item
D:2:      layout_rooms
D:3:      layout_basic, ebering_ecumenical_altar_sacrificial,
          grunt_decor_junction
D:4:      layout_basic, mainiacjoe_overflow_concentric_impassable, zin_academy,
          nicolae_gozag_zags_fifth_avenue, enter_ossuary_1
D:5:      layout_rooms, serial_corexii_hall, chequers_hall_statues_corner_a,
          corexii_hall_statues_t, kennysheep_flooded_box,
          hellmonk_bongcloud_opening
D:6:      layout_cave_pods, serial_shops, shop, minmay_misc_feat_room,
          guppyfry_shop_venom, uniq_crazy_yiuf_cottage, uniq_eustachio

Skill      XL: |  1  2  3  4  5  6  7 |
---------------+----------------------+-----
Fighting       | 4 |  4.8
Armour         | 4 5 6 7 |  7.4
Shields        | 4 |  4.3
Long Blades    | 3 4 5 |  5.4
Dodging        | 1 |  1.9
Stealth        | 1 |  1.0

Action                   |  1- 3 |  4- 6 |  7- 9 || total
-------------------------+-------+-------+-------++-------
Melee: Long sword        |    95 |    87 |    27 ||   209
       Headbutt          |    19 |    14 |     6 ||    39
  Use: Scroll            |     2 |     4 |       ||     6
Armor: Scale mail        |    59 |    61 |    19 ||   139
Dodge: Dodged            |    67 |    72 |    16 ||   155
Block: Buckler           |    39 |    20 |     3 ||    62
